 Dungeon Crawl Stone Soup version 0.18-a0-1229-ge9a1a01 (console) character file.

344 Kramin the Charlatan (level 6, -2/52 HPs)
             Began as a Draconian Artificer on Feb 4, 2016.
             Slain by a scorpion (4 damage)
             ... on level 3 of the Dungeon.
             The game lasted 00:15:28 (4480 turns).

Kramin the Charlatan (Draconian Artificer)          Turns: 4480, Time: 00:15:28

Health: -2/52      AC:  6    Str: 13    XL:     6   Next: 31%
Magic:  9/9        EV: 12    Int: 12    God:
Gold:   137        SH:  0    Dex: 14    Spells: 0 memorised, 5 levels left

rFire  . . .     SeeInvis .     z - +0 rapier
rCold  . . .     Gourm    +     (armour unavailable)
rNeg   . . .     Faith    .     (no shield)
rPois  .         Spirit   .     (helmet restricted)
rElec  .         Dismiss  .     (no cloak)
rCorr  .         Reflect  .     (no gloves)
SustAt .         Harm     .     (no boots)
MR     .....                    s - amulet of the gourmand
Stlth  ++........               (no ring)
                                (no ring)

@: lethally poisoned (-2 -> -12), not resistant to hostile enchantments,
unstealthy
A: unfitting armour, stinger 1, cold-blooded, AC +6
a: no special abilities


You were on level 3 of the Dungeon.
You were completely stuffed.

You visited 1 branch of the dungeon, and saw 4 of its levels.

You collected 137 gold pieces.

Inventory:

Hand Weapons
 z - a +0 rapier (weapon)
Missiles
 x - 6 curare-tipped needles
Armour
 u - a +0 large shield
Jewellery
 s - an amulet of the gourmand (around neck)
Wands
 b - a wand of flame (12/48)
 c - a wand of enslavement (15/24)
 d - a wand of random effects (2/48)
Scrolls
 a - 4 scrolls of remove curse
 e - a scroll of immolation {unknown}
 g - a scroll of teleportation {unknown}
 k - 2 scrolls of identify {unknown}
 l - 2 scrolls of amnesia {unknown}
 m - a scroll of blinking {unknown}
 n - a scroll of enchant armour {unknown}
 o - a scroll of enchant weapon {unknown}
 t - a scroll of magic mapping {unknown}
Potions
 j - a potion of mutation
 p - a potion of heal wounds {unknown}
 q - a potion of haste
 w - a potion of resistance {unknown}
Comestibles
 f - 3 bread rations
 h - 2 fruits
 i - a meat ration
 r - 2 chunks of flesh


   Skills:
 + Level 4.0 Fighting
 * Level 3.6 Short Blades
 - Level 1.7 Dodging
 - Level 0.8 Stealth
 + Level 4.8 Evocations


You had 5 spell levels left.
You didn't know any spells.

Dungeon Overview and Level Annotations

Branches:
Dungeon (4/15)
 Temple: D:4-7

Altars:
Trog

Annotations:
D:4 MrRokkomies's ghost, amateur GrHu


Innate Abilities, Weirdness & Mutations

Your plain brown scales are hard (AC +6).
Your body does not fit into most forms of armour.
You are cold-blooded and may be slowed by cold attacks.
Your tail ends in a poisonous barb.


Message History

The scorpion is almost dead.
This wand has 4 charges left.
You feel sick. The scorpion stings you!
* * * LOW HITPOINT WARNING * * *
Evoke which item? (* to show all) (? for menu, Esc to quit)
Zapping:
d - a wand of random effects (4/48)
Press: ? - help, Shift-Dir - straight line, f/p - scorpion
Aim: a scorpion (almost dead)
The rock shatters into small pieces.
This wand has 3 charges left.
* * * LOW HITPOINT WARNING * * *
You feel sick. The scorpion stings you.
* * * LOW HITPOINT WARNING * * *
Evoke which item? (* to show all) (? for menu, Esc to quit)
Zapping:
d - a wand of random effects (3/48)
Press: ? - help, Shift-Dir - straight line, f/p - scorpion
Aim: a scorpion (almost dead)
The scorpion resists with significant effort.
This wand has 2 charges left.
* * * LOW HITPOINT WARNING * * *
You feel sick. The scorpion stings you.
You die...

...............#
...............#
...............#
...............#
...............#
...#...........#
...............#
...............#########
...............[@s......
....#.......#########.##
..).#####......##...#.#
.#.....##......##.#.#.#
.#.....+....."....#.#.#
.#.....##.......#<..#.#
.##..........)).#####.#
........#.............#
...............########


You could see a scorpion.

Vanquished Creatures
  Menkaure (D:4)
  2 orc wizards (D:3)
  3 adders
  3 oozes
  2 worms (D:2)
  A giant gecko (D:3)
  12 orcs
  11 bats
  3 giant cockroaches (D:1)
  12 goblins
  12 hobgoblins
  9 jackals
  2 quokkas
  2 ball pythons
  7 giant newts
  9 kobolds
  10 rats
101 creatures vanquished.

Notes
Turn   | Place    | Note
--------------------------------------------------------------
     0 | D:1      | Kramin the Draconian Artificer began the quest for the Orb.
     0 | D:1      | Reached XP level 1. HP: 16/16 MP: 3/3
    54 | D:1      | Reached XP level 2. HP: 11/23 MP: 4/4
   747 | D:1      | Reached XP level 3. HP: 25/28 MP: 5/5
  1213 | D:2      | Found a faded altar to an unknown god.
  2032 | D:2      | Reached XP level 4. HP: 29/36 MP: 6/6
  2732 | D:3      | Reached skill level 4 in Evocations
  2899 | D:2      | Reached XP level 5. HP: 31/45 MP: 8/8
  3076 | D:3      | Found a bloodstained altar of Trog.
  3534 | D:4      | Noticed Menkaure
  3545 | D:4      | Killed Menkaure
  3545 | D:4      | Reached XP level 6. HP: 45/52 MP: 9/9
  3578 | D:4      | Noticed MrRokkomies's ghost (amateur GrHu)
  4007 | D:4      | Gained mutation: Your tail ends in a poisonous barb. [potion of mutation]
  4007 | D:4      | Gained mutation: Your natural rate of healing is unusually fast. [potion of mutation]
  4007 | D:4      | Lost mutation: Your natural rate of healing is unusually fast. [potion of mutation]
  4480 | D:3      | HP: 2/52 [poisoned by a scorpion]
  4480 | D:3      | Slain by a scorpion

Vault maps used:
D:1:      minmay_arrival_hallway
D:2:      ecumenical_altar_2
D:3:      first_bread, trog_butcher_becter
D:4:      uniq_menkaure

Action                   |  1- 3 |  4- 6 || total
-------------------------+-------+-------++-------
Melee: Short sword       |   182 |   111 ||   293
       Rapier            |       |   108 ||   108
Throw: Throwing net      |       |     1 ||     1
Evoke: Wand              |       |    16 ||    16
  Use: Scroll            |     2 |     1 ||     3
       Potion            |       |     2 ||     2
 Stab: Sleeping          |     2 |     2 ||     4
       Confused          |       |     2 ||     2
  Eat: Chunk             |     8 |    15 ||    23
